 Dungeon Crawl Stone Soup version 0.22-a0-351-g29664b4 (webtiles) character file.

106 mortelune the Grave Robber (level 4, -5/36 HPs)
             Began as a Deep Dwarf Necromancer on Apr 13, 2018.
             Slain by an orc priest
             ... wielding a +0 hand axe
              (8 damage)
             ... on level 3 of the Dungeon.
             The game lasted 00:07:11 (1962 turns).

mortelune the Grave Robber (Deep Dwarf Necromancer) Turns: 1962, Time: 00:07:12

Health: -5/36      AC:  3    Str: 11    XL:     4   Next: 55%
Magic:  1/8        EV: 12    Int: 17    God:
Gold:   101        SH:  0    Dex: 13    Spells: 4/9 levels left

rFire    + . .     SeeInvis .   m - +0 mace
rCold    . . .     Gourm    .   (no shield)
rNeg     . . .     Faith    .   a - +0 robe
rPois    .         Spirit   .   (no helmet)
rElec    .         Reflect  .   (no cloak)
rCorr    .         Harm     .   g - +0 pair of gloves
MR       .....                  (no boots)
Stlth    ++........             (no amulet)
HPRegen  0.00/turn              n - ring of wizardry
MPRegen  0.11/turn              o - ring of protection from fire

@: non-regenerating
A: damage resistance, heal wounds, sense surroundings 1, no regeneration
a: Heal Wounds


You were on level 3 of the Dungeon.
You were hungry.

You visited 1 branch of the dungeon, and saw 3 of its levels.

You collected 101 gold pieces.

Inventory:

Hand Weapons
 f - a +0 club
 m - a +0 mace (weapon)
 r - a +3 short sword
Armour
 a - a +0 robe (worn)
 g - a +0 pair of gloves (worn)
Jewellery
 n - a ring of wizardry (left hand)
 o - a ring of protection from fire (right hand)
Scrolls
 d - a scroll of remove curse {unknown}
 e - a scroll of fear {unknown}
 h - a scroll of magic mapping {unknown}
 k - a scroll of immolation
 l - a scroll of enchant armour {unknown}
 p - a scroll of random uselessness {unknown}
 q - a scroll of enchant weapon {unknown}
Potions
 b - a potion of invisibility {unknown}
 i - 2 potions of haste {unknown}
 j - a potion of mutation {unknown}
Comestibles
 c - 6 rations
 s - 3 chunks of flesh


   Skills:
 - Level 2.1 Dodging
 - Level 2.4 Stealth
 + Level 3.1 Spellcasting
 + Level 5.6 Necromancy


You had 4 spell levels left.
You knew the following spells:

 Your Spells              Type           Power        Failure   Level  Hunger
a - Pain                  Necr           ###.         1%          1    None
b - Animate Skeleton      Necr           N/A          1%          1    None
c - Vampiric Draining     Necr           ###.......   1%          3    ###....


Dungeon Overview and Level Annotations

Branches:
Dungeon (3/15)

Altars:

Annotations:
D:2 Robin, Sigmund


Innate Abilities, Weirdness & Mutations

You are resistant to damage.
You can heal yourself by infusing magical energy.
You passively map a small area around you.
You do not regenerate.


Message History

You kill the orc!
You closely miss the orc priest. The orc priest barely misses you.
You hit the orc priest.
The orc priest is moderately wounded.
The orc priest hits you with a hand axe.
The orc priest hits your orc skeleton with a hand axe.
Your orc skeleton barely misses the orc priest.
The orc priest barely misses you.
The orc priest hits your orc skeleton but does no damage.
Your orc skeleton barely misses the orc priest.
You closely miss the orc priest.
The orc priest is moderately wounded.
The orc priest invokes the aid of Beogh against you.
Beogh smites you!
* * * LOW HITPOINT WARNING * * *
Your orc skeleton hits the orc priest with a club.
You hit the orc priest.
The orc priest is severely wounded.
The orc priest hits you with a hand axe!
You die...

, ##..............
.....*.......... ,
.....##......... * ,
...o............ *
,.....o.#)...# .. ,
,,#......# ... ,
#......#.... , ,,,
*#####o....#.... ,
.###...@Z..>...... ,
............†.......
......(....(...#....
#............%......
###.................
....#.(...)....##).
* ..##.#....#.###.#
# ..# * ##
#........# .#####...
,........##
.........


You could see an orc priest and a friendly orc skeleton.

Vanquished Creatures
  An orc wizard (D:3)
  Terence (D:2)
  An adder (D:3)
  A leopard gecko (D:1)
  3 orcs (D:3)
  A ball python (D:1)
  4 bats
  4 giant cockroaches
  4 goblins
  7 hobgoblins
  6 kobolds
  3 rats
36 creatures vanquished.

Notes
Turn   | Place    | Note
-------+----------+-------------------------------------------
     0 | D:1      | mortelune the Deep Dwarf Necromancer began the quest for the Orb.
     0 | D:1      | Reached XP level 1. HP: 15/15 MP: 3/3
     2 | D:1      | Learned a level 1 spell: Animate Skeleton
   387 | D:1      | Reached XP level 2. HP: 22/22 MP: 3/5
  1128 | D:2      | Noticed Sigmund
  1219 | D:2      | Noticed Terence
  1227 | D:2      | Killed Terence
  1227 | D:2      | Reached skill level 5 in Necromancy
  1227 | D:2      | Reached XP level 3. HP: 21/28 MP: 1/6
  1232 | D:2      | Learned a level 3 spell: Vampiric Draining
  1670 | D:2      | Noticed Robin
  1848 | D:3      | Reached XP level 4. HP: 30/36 MP: 5/8
  1962 | D:3      | Slain by an orc priest

Vault maps used:
D:1:      kennysheep_arrival_forest, nrook_loot_triangle
D:2:      first_ration, uniq_terence, uniq_sigmund, uniq_robin
D:3:      lemuel_coloured_pillars_altar

Skill      XL: |  1  2  3  4 |
---------------+-------------+-----
Spellcasting   | 2 3 |  3.1
Necromancy     | 5 |  5.6
Dodging        | |  2.1
Stealth        | |  2.4

Action                   |  1- 3 |  4- 6 || total
-------------------------+-------+-------++-------
Melee: Mace              |     3 |     6 ||     9
 Cast: Pain              |    50 |    11 ||    61
       Animate Skeleton  |     5 |     1 ||     6
       Vampiric Draining |     5 |     2 ||     7
  Use: Scroll            |     1 |       ||     1
  Eat: Chunk             |     4 |       ||     4
Armor: Robe              |     5 |     1 ||     6
Dodge: Dodged            |    10 |     5 ||    15

Table legend:
 A = Spawn XP
 B = Non-spawn XP
 C = Spawn XP percentage of total XP
 D = Spawn monster count
 E = Non-spawn monster count
 F = Spawn count percentage of total count
 G = Total turns spent on level
                    A         B        C        D         E        F      G
               +---------+---------+-------+---------+---------+-------+---------
         Total |       0 |     152 |   0.0 |       0 |      36 |   0.0 |  1962
               +---------+---------+-------+---------+---------+-------+---------
           D:1 |       0 |      30 |   0.0 |       0 |      16 |   0.0 |  1099
           D:2 |       0 |      49 |   0.0 |       0 |       8 |   0.0 |   612
           D:3 |       0 |      73 |   0.0 |       0 |      12 |   0.0 |   251
               +---------+---------+-------+---------+---------+-------+---------
